AoeStats
← Pwncakes

Fortress

509124296Analyzed
4v4 RM · 6d ago on Sep 25, 2026· 30m 3s· 8 players
Game mode
Random Map
Map size
Huge
Population
200
Speed
Normal
Resources
Standard
Victory
Conquest
Starting age
Dark Age
Ending age
Imperial Age
RankedLock teamsTeams togetherTeam positionsShared explorationLock speedFull tech treeHidden civsTurbo modeCheats
Victory
Defeat
🇬🇧 Huns · United Kingdom
1487
+12
🇺🇸 Saxons · United States
1457
+13
🇩🇪 Saracens · Germany
1417
+15
🇲🇽 Burgundians · Mexico
1370
+17
🇦🇷 Magyars · Argentina
1490
-18
🇨🇳 Maya · China
1396
-14
🇵🇪 Japanese · Peru
1355
-13
🇹🇼 Varangians · Taiwan
1348
-12
Hombre invisible
1:17 Wheelbarrow
1:43 Double-Bit Axe
6:06 Horse Collar
9:38 Feudal Age
11:39 Bow Saw
14:11 Castle Age
12:39 Gold Mining
18:40 Imperial Age
17:33 Gold Mining
20:26 Chemistry
20:50 Padded Archer Armor
23:23 Leather Archer Armor
25:34 Loom
26:05 Hand Cart
Erg_Raider
7:54 Feudal Age
11:43 Castle Age
10:36 Horse Collar
10:44 Double-Bit Axe
12:49 Bow Saw
12:40 Heavy Plow
14:39 Loom
18:15 Wheelbarrow
17:45 Gold Mining
19:25 Hand Cart
20:55 Forging
22:26 Iron Casting
22:57 Stone Mining
28:04 Imperial Age
26:27 Scale Barding Armor
26:24 Husbandry
28:07 Chain Barding Armor
30:01 Chemistry
29:22 Ballistics
30:11 Two-Man Saw
30:36 Blast Furnace
30:12 Plate Barding Armor
30:39 Blast Furnace
29:07 Elite Mameluke
Pwncakes
6:39 Feudal Age
12:30 Castle Age
10:32 Double-Bit Axe
11:05 Gold Mining
13:21 Horse Collar
13:38 Fletching
14:27 Loom
15:42 Wheelbarrow
15:33 Bow Saw
17:13 Heavy Plow
17:18 Town Watch
18:47 Crossbowman
19:30 Bodkin Arrow
23:47 Padded Archer Armor
26:05 Leather Archer Armor
28:10 Ballistics
28:39 Hand Cart
28:35 Thumb Ring
28:49 Stone Mining
29:37 Hand Cart
29:36 Herbal Medicine
29:52 Treadmill Crane
Ash
8:07 Feudal Age
11:54 Castle Age
9:36 Horse Collar
10:29 Double-Bit Axe
14:45 Loom
18:12 Wheelbarrow
19:06 Bow Saw
20:06 Hand Cart
22:02 Town Watch
22:27 Scale Barding Armor
26:06 Imperial Age
24:40 Husbandry
24:02 Light Cavalry
24:54 Bloodlines
25:42 Chain Barding Armor
26:24 Forging
26:16 Cavalier
29:20 Plate Barding Armor
kraquen
8:20 Feudal Age
12:42 Castle Age
10:35 Horse Collar
10:44 Double-Bit Axe
11:32 Gold Mining
17:07 Wheelbarrow
19:06 Scale Mail Armor
20:07 Chain Mail Armor
22:16 Heavy Plow
23:08 Forging
25:09 Loom
25:33 Fletching
25:46 Crossbowman
26:33 Bodkin Arrow
28:01 Padded Archer Armor
32:50 Imperial Age
ALmotema
8:05 Feudal Age
11:35 Castle Age
9:25 Horse Collar
9:48 Double-Bit Axe
12:29 Heavy Plow
12:43 Bow Saw
14:45 Loom
18:07 Wheelbarrow
18:19 Gold Mining
24:01 Imperial Age
21:50 Hand Cart
21:44 Scale Barding Armor
21:50 Forging
22:25 Stone Mining
23:01 Chain Barding Armor
22:53 Bloodlines
23:01 Vendel Legacy
24:05 Husbandry
25:35 Iron Casting
24:45 Cavalier
26:17 Plate Barding Armor
29:31 Conscription
28:55 Light Cavalry
28:57 Light Cavalry
Chim cu đi tắm
6:50 Feudal Age
9:38 Double-Bit Axe
12:09 Castle Age
11:01 Horse Collar
14:15 Heavy Plow
17:22 Wheelbarrow
18:20 Corvinian Army
18:53 Scale Barding Armor
19:36 Bow Saw
20:46 Chain Barding Armor
23:24 Loom
28:34 Imperial Age
26:57 Fletching
27:52 Hand Cart
27:23 Loom
27:48 Bodkin Arrow
28:49 Thumb Ring
29:10 Padded Archer Armor
29:33 Ballistics
29:53 Parthian Tactics
30:41 Chemistry
29:38 Gold Mining
29:39 Stone Mining
西门大官人
6:52 Feudal Age
11:11 Castle Age
9:40 Double-Bit Axe
9:58 Horse Collar
10:59 Gold Mining
14:12 Loom
17:09 Stone Mining
18:53 Wheelbarrow
20:25 Hand Cart
21:17 Fletching
21:55 Padded Archer Armor
23:04 Bodkin Arrow
23:43 Leather Archer Armor
23:29 Squires
25:20 Masonry
25:49 Thumb Ring
28:43 Imperial Age
27:23 Ballistics
26:43 Elite Skirmisher
Connection lost

Rejoining the realm…

Still unreachable

The connection could not be restored.

Session expired

The server has moved on; the page needs a fresh start.